AoeStats
← Oldspice

Lombardia

508341544Analyzed
3v3 RM · 11d ago on Sep 22, 2026· 29m 17s· 6 players
Game mode
Random Map
Map size
Normal (6 player)
Population
200
Speed
Normal
Resources
Standard
Victory
Conquest
Starting age
Dark Age
Ending age
Imperial Age
RankedLock teamsTeams togetherTeam positionsShared explorationLock speedFull tech treeHidden civsTurbo modeCheats
Victory
Defeat
🇺🇸 Wei · United States
1621
+12
🇨🇦 Portuguese · Canada
1553
+14
🇺🇸 Franks · United States
1486
+16
🇹🇼 Byzantines · Taiwan
1565
-16
🇺🇸 Jurchens · United States
1565
-16
🇺🇸 Italians · United States
1414
-10
IVIUSTANG
6:10 Loom
16:25 Feudal Age
16:41 Man-at-Arms
20:02 Castle Age
18:09 Horse Collar
19:06 Double-Bit Axe
19:23 Scale Mail Armor
20:38 Fletching
20:09 Crossbowman
21:11 Bow Saw
21:45 Wheelbarrow
22:24 Padded Archer Armor
22:22 Bodkin Arrow
23:04 Padded Archer Armor
24:14 Gold Mining
25:11 Ballistics
27:04 Hand Cart
26:35 Town Watch
28:20 Heavy Plow
28:12 Stone Mining
BucketsTTP
6:04 Loom
8:45 Feudal Age
9:11 Double-Bit Axe
9:10 Horse Collar
15:58 Gold Mining
19:15 Castle Age
17:18 Stone Mining
18:25 Forging
18:57 Fletching
19:18 Bloodlines
19:59 Bodkin Arrow
20:25 Bow Saw
22:51 Wheelbarrow
22:43 Husbandry
23:20 Padded Archer Armor
26:00 Leather Archer Armor
26:23 Ballistics
28:38 Town Watch
30:14 Stone Shaft Mining
29:42 Heavy Plow
Oldspice
9:35 Feudal Age
9:13 Loom
12:09 Forging
16:29 Double-Bit Axe
20:21 Castle Age
19:39 Gold Mining
22:33 Wheelbarrow
23:44 Scale Barding Armor
25:03 Chain Barding Armor
28:48 Husbandry
29:24 Iron Casting
Its Jskillz
8:35 Loom
10:21 Feudal Age
16:13 Castle Age
14:05 Double-Bit Axe
20:11 Horse Collar
25:12 Wheelbarrow
25:38 Bow Saw
27:31 Hand Cart
TheLowercasee
9:02 Loom
11:37 Feudal Age
13:45 Double-Bit Axe
13:47 Horse Collar
14:24 Double-Bit Axe
16:39 Castle Age
16:28 Fletching
17:21 Bodkin Arrow
20:25 Crossbowman
26:26 Wheelbarrow
25:57 Gold Mining
26:00 Stone Mining
26:45 Bow Saw
26:59 Padded Archer Armor
29:14 Ballistics
elmor
7:12 Loom
10:41 Feudal Age
16:19 Castle Age
19:17 Double-Bit Axe
21:36 Wheelbarrow
23:24 Bow Saw
23:29 Horse Collar
24:17 Heavy Plow
Connection lost

Rejoining the realm…

Still unreachable

The connection could not be restored.

Session expired

The server has moved on; the page needs a fresh start.